Alex, neutral male human Archeologist -------- -------- --------- -------------- |......| |*"!?..| ------- |.......| .........$...| |......| |......| |..$... |........######## ..............| |......| |......| |.....r| |.......| ## ..........| ##.......-# |......| |.....>@#### |....[..| # ----------- # |......|# |......| |.....r| # |.......| ### `###`#########|......|# |......| ------. ##........| # ### # `--------# --|----- --)--.--- ### # # ###### # ## # # # # # # ### # # # ### # # # ### # # # # # ### # # # # # # -.-|--# # # # # |.....# # # # # |....| -----|--# ### ----|---- |....-#############.....>.|# ##........| ------ |.......# ##+..<.[..| -------- --------- Alex the Digger Experience level: 1 Strength: 12 Dexterity: 7 Constitution: 16 Intelligence: 15 Wisdom: 16 Charisma: 9 Health: 0(18) Energy: 7(7) Def: 0 Gold: 3974 Moves: 4113 Dungeon seed: uOoznL7Hgoge7cz5 Game ID: Alex_1690480900 Your Inventory: Coins $ - 3974 gold pieces Amulets h - an uncursed amulet of ESP Weapons b - a blessed +0 elven dagger i - an uncursed +0 stiletto Comestibles j - 2 uncursed cram rations w - 8 uncursed food rations x - 2 uncursed lichen corpses B - an uncursed tin of hobbit meat Scrolls a - an uncursed scroll of identify Spellbooks s - an uncursed spellbook of astral eyesight Tools d - an uncursed +0 pick-axe (weapon in hand) f - an uncursed tinning kit (0:42) k - a blessed brass lantern (0:1083) C - an uncursed skeleton key L - an uncursed skeleton key Gems q - an uncursed touchstone r - an uncursed jasper stone y - a cursed loadstone Spells and supernatural/magical abilities: Name Level Category Cost Memory W - pray for help -- divine ? -- Your skills at the end: Fighting Skills wands [Basic] Weapon Skills pick-axe [Basic] whip [Basic] Spellcasting Skills Final Attributes: You were fervently aligned. You were stealthy. You were fast. You last prayed 1793 turns ago. Camaxtli was noncommittal. You are dead. Vanquished creatures: a large mimic 3 small mimics 2 hobbits 3 giant rats a yellow mold a red mold 2 geckos 7 jackals 2 foxes 2 goblins a sewer rat 4 grid bugs 13 lichens 13 newts 55 creatures vanquished. Voluntary challenges: You used a wielded weapon 5 times, starting on turn 274. You read items or engraved 16 times, starting on turn 1206. You never genocided any monsters. You never polymorphed an object. You never changed form. You used no wishes. You never split a pudding. You wrote Elbereth's name 12 times, starting on turn 1206. You never violated your personal moral code. Dungeon overview: The Dungeons of Doom: levels 1 to 3 Level 1 (spellbook box) a fountain a long staircase Level 2 a general store Level 3 <- You were here a general store, a vault stairs to The Gnomish Mines The Gnomish Mines: Level 4 stairs to The Dungeons of Doom History has recorded: On T:1 you entered the Dungeons of Doom to retrieve the Amulet of Yendor! On T:73 you reached level 2 of The Dungeons of Doom. On T:595 you reached level 3 of The Dungeons of Doom. On T:3926 you reached level 1 of The Gnomish Mines. Score breakdown: Gold: 3974 (12243 points) Experience: 1 level ( 0 points) Exploration: 4 levels ( 8.16%) ( 7500 points) Discoveries: 13 items ( 4.30%) ( 6224 points) Valuables value: (no points given unless you survive) Artifact value: 0 ( 0 points) Variety of kills: 14 monsters ( 3.68%) ( 5758 points) Turncount: 4113 turns (-1066 points) Survival: died (score multiplied by 80%) Total score: 24527 Latest messages: There are a few objects here. The large cat picks up a runed dagger. You hear the chime of a cash register. You rebalance your load. Movement is difficult. w - a food ration. The large cat drops a runed dagger. You displace your large cat. The door resists! The door opens. You stop exploring. The sewer rat bites! The giant rat bites! [2 turns] You stop. Your large cat is in the way! The sewer rat bites! The giant rat bites! You don't have enough stamina to move. The sewer rat bites! You write in the dust with your fingers. The sewer rat bites! The giant rat bites! The sewer rat bites! The giant rat bites! You die... Final status: Goodbye Alex the Archeologist, killed by a giant rat... You died in The Dungeons of Doom on dungeon level 3 with 24527 points, and 3974 pieces of gold, after 4113 moves. You were level 1 with a maximum of 18 hit points when you died.